 Dungeon Crawl Stone Soup version 0.29-a0-550-g81e455f4c2 (webtiles) character file.

Game seed: 293460943246303531

1967 Morbidden the Stinger (level 9, -4/83 HPs)
             Began as a Troll Venom Mage on June 5, 2022.
             Slain by a wyvern (16 damage)
             ... on level 7 of the Dungeon.
             The game lasted 00:10:16 (6534 turns).

Morbidden the Stinger (Troll Venom Mage)            Turns: 6534, Time: 00:10:17

Health: -4/83      AC:  6    Str: 24    XL:     9   Next: 0%
Magic:  10/13      EV: 10    Int: 15    God:
Gold:   608        SH:  0    Dex: 10    Spells: 10/15 levels left

rFire   . . .      SeeInvis .     - Unarmed
rCold   . . .      Faith    .   (no shield)
rNeg    . . .      Spirit   .   a - +0 robe
rPois   .          Reflect  .   (helmet restricted)
rElec   .          Harm     .   p - +1 cloak
rCorr   .          Rampage  .   (gloves unavailable)
Will    .....                   (boots unavailable)
Stlth   ++........              e - amulet of magic regeneration
HPRegen 1.03/turn               w - +6 ring of strength
MPRegen 0.53/turn               (no ring)

@: no status effects
A: large, unfitting armour, claws 3, regeneration 1, shaggy fur 1, tough skin 1
a: no special abilities


You were on level 7 of the Dungeon.
You visited 2 branches of the dungeon, and saw 8 of its levels.
You also visited: Ossuary.

You collected 608 gold pieces.

Inventory:

Missiles
 m - 3 javelins
 s - 2 throwing nets
Armour
 a - a +0 robe (worn)
 p - a +1 cloak (worn)
Jewellery
 e - an amulet of magic regeneration (around neck)
 u - a ring of ice
 w - a +6 ring of strength (left claw)
Wands
 f - a wand of flame (13)
 g - a wand of iceblast (12)
 t - a wand of polymorph (5)
Scrolls
 c - 3 scrolls of amnesia
 h - a scroll of fear
 i - 5 scrolls of identify
 j - 2 scrolls of enchant armour
 k - 2 scrolls of blinking
 l - a scroll of magic mapping
 n - a scroll of teleportation
 y - a scroll of vulnerability {unknown}
Potions
 b - a potion of magic
 d - a potion of curing
 o - 2 potions of mutation {unknown}
 q - a potion of cancellation {unknown}
 r - a potion of invisibility
 v - a potion of heal wounds
 x - 2 potions of attraction {unknown}
 z - a potion of haste {unknown}
 A - a potion of degeneration {unknown}


   Skills:
 * Level 3.3 Fighting
 * Level 3.3 Dodging
 + Level 1.4 Stealth
 * Level 4.3 Unarmed Combat
 * Level 3.6 Spellcasting
 * Level 3.5 Transmutations
 * Level 4.4 Poison Magic


You had 10 spell levels left.
You knew the following spells:

 Your Spells              Type           Power      Damage    Failure   Level
a - Sting                 Tmut/Pois      56%        1d5       3%          1
b - Olgreb's Toxic Radia  Pois           16%        N/A       30%         4

Your spell library contained the following spells:

 Spells                   Type           Power      Damage    Failure   Level
 Poisonous Vapours        Pois/Air       18%        N/A       12%         2
 Magic Dart               Conj           8%         1d3       19%         1
 Ignite Poison            Fire/Tmut/Pois 10%        N/A       19%         3
 Call Imp                 Summ           2%         N/A       28%         2
 Mephitic Cloud           Conj/Pois/Air  7%         N/A       30%         3
 Gell's Gravitas          Tloc           2%         N/A       50%         3
 Lesser Beckoning         Tloc           2%         N/A       50%         3
 Teleport Other           Tloc           2%         N/A       50%         3
 Freezing Cloud           Conj/Ice/Air   1%         6-21      99%         5


Dungeon Overview and Level Annotations

Branches:
Dungeon (7/15)             Temple (1/1) D:4         Ossuary (visited)

Altars:
Ashenzari
Dithmenos
Elyvilon
Fedhas
Gozag
Hepliaklqana
Kikubaaqudgha
Makhleb
Qazlal
Ru
Sif Muna
Trog
Uskayaw
Xom
Yredelemnul
Zin
The Shining One

Shops:
D:2 *   D:3 (   D:4 *!*!

Annotations:
D:3 Grinder
D:6 2 transporters


Innate Abilities, Weirdness & Mutations

You are too large for most types of armour.
You have claws for hands.
Your natural rate of healing is unusually fast.
You are covered in fur. (AC +1)
You have tough skin. (AC +1)


Message History

Confirm with . or Enter, or press ? or * to list all spells.
You begin to radiate toxic energy.
The wyvern is poisoned.
Unknown command.
Unknown command.
Casting: Olgreb's Toxic Radiance (dangerous; 30% risk of failure)
Confirm with . or Enter, or press ? or * to list all spells.
Aiming: Sting (safe; 3% risk of failure)
Press: ? - help, Shift-Dir - straight line, f - wyvern
Aim: a wyvern (lightly wounded, poisoned, 71% to hit)
The sting misses the wyvern.
The wyvern looks even sicker.
Your toxic aura wanes.
Unknown command.
Casting: Sting (safe; 3% risk of failure)
Confirm with . or Enter, or press ? or * to list all spells.
Aiming: Sting (safe; 3% risk of failure)
Press: ? - help, Shift-Dir - straight line, f/p - wyvern
Aim: a wyvern (moderately wounded, very poisoned, 71% to hit)
The sting hits the wyvern.
The wyvern looks even sicker.
The wyvern is heavily wounded.
The wyvern bites you! x2
Unknown command.
You barely miss the wyvern.
The wyvern is heavily wounded.
The wyvern bites you!
You are too injured to fight recklessly!
You are too injured to fight recklessly!
You are too injured to fight recklessly!
You are too injured to fight recklessly!
You are too injured to fight recklessly!
You claw the wyvern!
The wyvern is almost dead.
The wyvern bites you.
You closely miss the wyvern.
The wyvern is almost dead.
The wyvern bites you! x2
* * * LOW HITPOINT WARNING * * *
You closely miss the wyvern.
The wyvern is almost dead.
The wyvern bites you!
You die...

###...#..#
.##........#
#..........##
#..........#
#.........#
##.........#
#.....l..).# .....
#.....@...# ..≈....
#..........# .......
#.........## .(..≈≈.
..#.....#..####....≈≈.
.
##..####.##..........
### ##.#....≈....≈
##..........
##......... ##†....###


You could see a wyvern (very poisoned).

Vanquished Creatures
  A wyvern (D:7)
  Eustachio (D:4)
  Edmund (D:6)
  An orc warrior (D:7)
  2 ice beasts
  An ogre (D:4)
  A centaur (D:6)
  Blork the orc (D:5)
  An elf zombie (Ossuary)
  2 bullfrogs
  2 necrophages
  A hound (D:4)
  2 orc priests
  Crazy Yiuf (D:2)
  4 jellies
  Terence (D:3)
  4 orc wizards
  Natasha (thrice) (D:3)
  2 mummies (Ossuary)
  3 gnolls (D:3)
  11 adders
  An ufetubus (D:4)
  4 worms
  2 dart slugs (D:4)
  15 orcs
  A bat (D:2)
  6 endoplasms
  3 giant cockroaches
  4 gnoll zombies (Ossuary)
  6 hobgoblins
  10 jackals
  3 quokkas
  5 ball pythons
  3 frilled lizards
  6 goblins
  3 goblin zombies (Ossuary)
  3 hobgoblin zombies (Ossuary)
  5 kobolds
  3 orc zombies (Ossuary)
  4 rats
  A spectral hobgoblin (D:2)
134 creatures vanquished.

Vanquished Creatures (others)
  A scorpion (D:4)
  A hound (D:4)
  An adder (D:4)
  An orc (D:4)
  An endoplasm (D:4)
5 creatures vanquished.

Grand Total: 139 creatures vanquished

Notes
Turn   | Place    | Note
-------+----------+-------------------------------------------
     0 | D:1      | Morbidden the Troll Venom Mage began the quest for the Orb.
     0 | D:1      | Reached XP level 1. HP: 16/16 MP: 1/1
   298 | D:1      | Reached XP level 2. HP: 18/24 MP: 3/3
  1084 | D:2      | Reached XP level 3. HP: 23/32 MP: 4/4
  1135 | D:2      | Found Osoyff's Assorted Antiques.
  1165 | D:2      | Found a faded altar of an unknown god.
  1903 | D:2      | Found a runed translucent door.
  1904 | D:2      | Noticed Crazy Yiuf
  1982 | D:2      | Killed Crazy Yiuf
  1983 | D:2      | Reached skill level 1 in Fighting
  1983 | D:2      | Reached skill level 1 in Unarmed Combat
  1983 | D:2      | Reached skill level 1 in Transmutations
  1983 | D:2      | Reached XP level 4. HP: 32/41 MP: 5/5
  2105 | D:3      | Found a stormy altar of Qazlal.
  2135 | D:3      | Found a broken altar of Ashenzari.
  2147 | D:3      | Noticed Grinder
  2190 | D:3      | Noticed Natasha
  2233 | D:3      | Killed Natasha
  2234 | D:3      | Reached XP level 5. HP: 42/48 MP: 3/6
  2246 | D:3      | Found Peukhle's Antique Weapon Emporium.
  2618 | D:3      | Noticed Natasha
  2635 | D:3      | Killed Natasha
  2647 | D:3      | Noticed Natasha
  2653 | D:3      | Killed Natasha
  2654 | D:3      | Reached XP level 6. HP: 54/55 MP: 6/8
  2681 | D:3      | Noticed Terence
  2691 | D:3      | Killed Terence
  2746 | D:3      | Found a bloodstained altar of Trog.
  2839 | D:4      | Found Nimnumuz's General Store.
  2858 | D:4      | Noticed Eustachio
  2873 | D:4      | Killed Eustachio
  2922 | D:4      | Reached XP level 7. HP: 61/63 MP: 5/9
  3055 | D:4      | Found a staircase to the Ecumenical Temple.
  3066 | Temple   | Entered the Ecumenical Temple
  3353 | D:4      | Learned a level 4 spell: Olgreb's Toxic Radiance
  3423 | D:4      | Found Bagoa's Distillery.
  3429 | D:4      | Found Waimeoxymn's Distillery.
  3463 | D:4      | Found Wueved's Assorted Antiques.
  3788 | D:4      | Found a shimmering altar of Xom.
  4002 | D:5      | Entered Level 5 of the Dungeon
  4064 | D:5      | Noticed Blork the orc
  4083 | D:5      | Killed Blork the orc
  4099 | D:5      | Found a white marble altar of Elyvilon.
  4161 | D:5      | Found a sand-covered staircase.
  4166 | Ossuary  | Entered an ossuary
  4525 | D:5      | Reached XP level 8. HP: 27/74 MP: 9/11
  5119 | D:6      | Noticed Edmund
  5139 | D:6      | Killed Edmund
  5200 | D:6      | Found a sacrificial altar of Ru.
  5495 | D:6      | Found a transporter.
  5748 | D:6      | Found a transporter.
  6516 | D:7      | Reached XP level 9. HP: 83/83 MP: 13/13
  6534 | D:7      | Slain by a wyvern

Illustrated notes

Levels and vault maps discovered:
D:1:      psy_arrival_basics, layout_rooms, serial_co_window_serial,
          co_window_paths_a, co_window_paths_a, co_window_paths_b,
          co_window_paths_a, co_window_corner_a, co_window_corner_a,
          co_window_paths_c, co_window_broadway_c, co_window_broadway_c,
          co_window_cross_4, co_window_corner_b, co_window_of_opportunity_b,
          co_window_corner_ca, co_window_paths_d, glass_columns_b,
          glass_columns_a, glass_columns_b, glass_columns_a, glass_columns_b
D:2:      layout_basic, serial_shops, nicolae_shop_overgrown_old_shop,
          dreamdust_ecumenical_altar_drowned_temple, uniq_crazy_yiuf_cottage
D:3:      layout_basic, mainiacjoe_overflow_paths, lemuel_doored_altar,
          mainiacjoe_overflow_catwalk, serial_shops, shop, uniq_grinder,
          uniq_terence, uniq_natasha
D:4:      layout_loops_cross, xom_confusion_cloud, minmay_temple_entry_grid,
          serial_shops, nicolae_shop_crystal, shop, shop, shop, uniq_eustachio
D:5:      layout_gridville, enter_ossuary_5, kennysheep_flooded_box,
          uniq_blork_the_orc
D:6:      gammafunk_cloud_chamber, layout_basic, mainiacjoe_overflow_chevrons,
          uniq_edmund
D:7:      layout_cave_pods, skrybe_limestone_x
Temple:   hc_temple_tempest_star

Skill      XL: |  1  2  3  4  5  6  7  8 |
---------------+-------------------------+-----
Fighting       | 1 2 3 |  3.3
Unarmed Combat | 1 2 3 4 |  4.3
Transmutations | 1 2 3 |  3.5
Dodging        | 2 3 |  3.3
Spellcasting   | 2 3 |  3.6
Poison Magic   | 3 4 |  4.4
Stealth        | |  1.4

Action                   |  1- 3 |  4- 6 |  7- 9 || total
-------------------------+-------+-------+-------++-------
Melee: Unarmed           |    90 |    50 |   174 ||   314
       Punch             |     1 |     1 |     1 ||     3
 Cast: Sting             |    29 |    96 |   149 ||   274
       Olgreb's Toxic Ra |       |       |     3 ||     3
  Use: Potion            |       |     1 |     3 ||     4
       Scroll            |       |       |    10 ||    10
 Stab: Sleeping          |     1 |       |       ||     1
       Invisible         |       |       |     4 ||     4
Armor: Robe              |    41 |    25 |    85 ||   151
Dodge: Dodged            |    58 |    47 |   141 ||   246

Table legend: (Time is in decaauts)
 A = Elapsed time spent in this place.
 B = Non-inter-level travel time spent in this place.
 C = Inter-level travel time spent in this place.
 D = Time resting spent in this place.
 E = Time spent auto-exploring this place.
 F = Levels seen in this place.
 G = Mean time per level.
                   A        B        C        D        E       F      G
               +--------+--------+--------+--------+--------+-----+--------+
         Total |   6581 |   6361 |    220 |    692 |   4391 |   9 |  731.2 |
       Dungeon |   6090 |   5902 |    188 |    692 |   4061 |   7 |  870.0 |
        Temple |    292 |    261 |     31 |      0 |    246 |   1 |  292.0 |
       Ossuary |    198 |    198 |      0 |      0 |     84 |   1 |  198.0 |
               +--------+--------+--------+--------+--------+-----+--------+

Top non-repeatable levels by time:
     D:2: 1069 daAuts
     D:1: 988 daAuts
     D:6: 917 daAuts
     D:4: 915 daAuts
     D:5: 801 daAuts
     D:3: 794 daAuts
     D:7: 602 daAuts
  Temple: 292 daAuts
 Ossuary: 198 daAuts
